 Dungeon Crawl Stone Soup version 0.24.0-13-gcf9b3192b9 (webtiles) character file.

Game seed: 13437446819886504747, levelgen mode: deterministic

72195 Yermak the Severer (level 15, -22/142 HPs)
             Began as a Deep Dwarf Fighter on Nov 10, 2019.
             Was a High Priest of Makhleb.
             Killed from afar by a jumping spider (23 damage)
             ... with an exploding inner flame
             ... hexed by the player character
             ... on level 4 of the Spider Nest.
             The game lasted 00:13:51 (6389 turns).

Yermak the Severer (Deep Dwarf Fighter)             Turns: 6389, Time: 00:13:52

Health: -22/142    AC: 23    Str: 23 (25) XL:     15   Next: 0%
Magic:  0/18       EV: 10    Int:  9 (10) God:    Makhleb [*****.]
Gold:   587        SH:  8    Dex:  9 (12) Spells: 14/14 levels left

rFire    . . .     SeeInvis .   a - +11 hand axe of Guatekk {vamp, rElec}
rCold    . . .     Gourm    .   O - +1 buckler {rPois}
rNeg     + . .     Faith    .   C - +0 plate armour
rPois    +         Spirit   .   (no helmet)
rElec    +         Reflect  .   y - +0 cloak
rCorr    .         Harm     .   K - +2 pair of gloves {archery}
MR       ++...                  S - +0 pair of boots
Stlth    ..........             D - amulet of the acrobat
HPRegen  0.00/turn              L - +3 ring of protection
MPRegen  0.16/turn              (no ring)

@: non-regenerating
A: damage resistance, heal wounds, negative energy resistance 1, sense
surroundings 2, no regeneration
a: Heal Wounds, Minor Destruction, Lesser Servant of Makhleb, Major Destruction,
Greater Servant of Makhleb, Renounce Religion


You were on level 4 of the Spider Nest.
You worshipped Makhleb.
Makhleb was extremely pleased with you.
You were not hungry.

You visited 4 branches of the dungeon, and saw 18 of its levels.

You collected 587 gold pieces.

Inventory:

Hand Weapons
 a - the +11 hand axe of Guatekk (weapon) {vamp, rElec}
   (You found it on level 5 of the Dungeon)

   It inflicts no extra harm, but heals its wielder when it wounds a living foe.
   It insulates you from electricity.
 b - a +5 broad axe
Missiles
 Z - 3 throwing nets (quivered)
Armour
 c - a +0 shield
 y - a +0 cloak (worn)
 C - a +0 plate armour (worn)
 K - a +2 pair of gloves of archery (worn)
 O - a +1 buckler of poison resistance (worn)
 S - a +0 pair of boots (worn)
Jewellery
 D - an amulet of the acrobat (around neck)
 L - a +3 ring of protection (left hand)
Wands
 q - a wand of disintegration (9)
 A - a wand of acid (11)
 I - a wand of iceblast (16)
 P - a wand of paralysis (10)
 R - a wand of polymorph (6)
Scrolls
 B - 3 scrolls of blinking
 J - 2 scrolls of fear
 M - 2 scrolls of magic mapping
 T - 7 scrolls of teleportation
 W - 5 scrolls of remove curse
 X - a scroll of immolation
Potions
 d - 2 potions of might
 l - a potion of flight
 x - 2 potions of degeneration {unknown}
 F - 3 potions of resistance {unknown}
 H - 3 potions of haste
 Q - 4 potions of curing
 V - 2 potions of heal wounds
 Y - a potion of brilliance
Miscellaneous
 G - a fan of gales
 U - a box of beasts
Comestibles
 z - 22 rations


   Skills:
 + Level 11.4 Fighting
 - Level 16.0 Axes
 + Level 9.8 Armour
 + Level 9.5 Dodging
 - Level 6.9 Stealth
 + Level 13.3 Shields
 - Level 6.3 Invocations
 - Level 5.0 Evocations


You had 14 spell levels left.
You didn't know any spells.
Your spell library was empty.

Dungeon Overview and Level Annotations

Branches:
Dungeon (8/15)             Temple (1/1) D:7            Lair (6/6) D:8
 Shoals (0/4) Lair:3       Spider (4/4) Lair:3        Slime (0/5) Lair:6

Altars:
Ashenzari
Cheibriados
Dithmenos
Elyvilon
Fedhas
Gozag
Kikubaaqudgha
Makhleb
Nemelex Xobeh
Okawaru
Sif Muna
Trog
Vehumet
Xom
Zin
The Shining One
Jiyva

Annotations:
Lair:5 exclusion: 4 oklob plants


Innate Abilities, Weirdness & Mutations

You are resistant to damage.
You can heal yourself by infusing magical energy.
You resist negative energy. (rN+)
You passively map the area around you.
You do not regenerate.


Message History

The jumping spider completely misses you.
The emperor scorpion is engulfed in blazing flames. x2
The emperor scorpion stings you but does no damage.
The emperor scorpion claws you but does no damage.
The emperor scorpion claws you!
* * * LOW HITPOINT WARNING * * *
The emperor scorpion claws you but does no damage.
The emperor scorpion closely misses you.
The fiery explosion engulfs the emperor scorpion!!!
The emperor scorpion explodes!
The fiery explosion engulfs the emperor scorpion!!!
The emperor scorpion explodes!
The fiery explosion engulfs you!!
* * * LOW HITPOINT WARNING * * *
The fiery explosion engulfs the emperor scorpion!!
The emperor scorpion is almost dead.
The fiery explosion engulfs the jumping spider!!
The jumping spider explodes!
The fiery explosion engulfs you!!
You die...

* ###### *
#≈...## *
##§≈.≈.##
#§§3....##
#@s^.≈...# **
*, ##§###...^#
##§§#,#%.≈.# *
, #§§§# ##.≈.#
* #○§°†..#††^#
, #..^s)≈#...#
, #^......#.†.#
*
*#.≈..≈≈.##†.##
, #
.≈.#.≈≈≈s#††%#*


You could see an emperor scorpion (inner flame), a jumping spider (inner flame)
and a friendly neqoxec.

Vanquished Creatures
  An emperor scorpion (Spider:4)
  2 ghost moths
  Harold (D:8)
  4 hydras
  10 death yaks
  2 orb spiders (Spider:4)
  15 wolf spiders
  A moth of wrath (Spider:4)
  12 elephants
  Psyche (D:8)
  4 black mambas
  2 torpor snails
  20 spiny frogs
  3 rime drakes
  7 komodo dragons
  4 demonic crawlers
  A troll (D:6)
  A hornet (Spider:3)
  14 jumping spiders
  4 tyrant leeches (Lair:6)
  7 hippogriffs
  35 blink frogs
  30 redbacks
  A wyvern (Lair:5)
  3 hogs (D:7)
  2 basilisks
  10 tarantellas
  48 yaks
  A human (D:7)
  6 vampire mosquitoes (Lair:6)
  12 water moccasins
  9 porcupines
  An ice beast (D:8)
  3 orc warriors
  3 ogres
  14 wolves
  2 centaurs (D:8)
  8 crocodiles
  22 bullfrogs
  A killer bee (D:6)
  2 scorpions
  A howler monkey (D:5)
  An electric eel (Lair:6)
  5 hounds
  6 jellies
  2 orc priests (D:6)
  A bullfrog skeleton (D:7)
  2 centaur skeletons
  3 orc wizards
  2 worker ants
  2 hound skeletons
  A howler monkey skeleton (D:6)
  4 adders (D:5)
  3 shadow imps
  2 oozes (Lair:6)
  A worm (D:6)
  5 leopard geckos
  14 orcs
  3 giant cockroaches
  9 jackals
  A kobold (D:2)
  A quokka (D:7)
  10 bats
  2 frilled lizards
  3 goblins
  A jackal zombie (D:4)
  A rat (D:1)
  6 fungi
  3 plants
424 creatures vanquished.

Vanquished Creatures (collateral kills)
  An emperor scorpion (Spider:4)
  2 hydras
  5 orb spiders
  A black mamba (Lair:6)
  A spiny frog (Lair:6)
  A jumping spider (Spider:2)
  A redback (Spider:4)
  2 yaks (Lair:6)
  A bat (Lair:5)
  2 plants (Lair:6)
17 creatures vanquished.

Vanquished Creatures (others)
  An orb spider (Spider:2)
  A demonic crawler (Spider:4)
  13 fungi
  35 plants
50 creatures vanquished.

Grand Total: 491 creatures vanquished

Notes
Turn   | Place    | Note
-------+----------+-------------------------------------------
     0 | D:1      | Yermak the Deep Dwarf Fighter began the quest for the Orb.
     0 | D:1      | Reached XP level 1. HP: 20/20 MP: 1/1
   223 | D:2      | Reached skill level 3 in Axes
   228 | D:2      | Reached XP level 2. HP: 27/27 MP: 2/2
   289 | D:2      | You fall into a shaft and drop 2 floors!
   348 | D:5      | Entered Level 5 of the Dungeon
   370 | D:5      | Found an iron altar of Okawaru.
   376 | D:5      | Got a shimmering hand axe
   377 | D:5      | Identified the +11 hand axe of Guatekk {vamp, rElec} (You
                  | found it on level 5 of the Dungeon)
   380 | D:5      | Noticed a scorpion
   384 | D:5      | Reached skill level 4 in Axes
   384 | D:5      | Reached XP level 3. HP: 28/33 MP: 3/3
   388 | D:5      | Killed a scorpion
   388 | D:5      | Reached skill level 5 in Axes
   388 | D:5      | Reached XP level 4. HP: 25/40 MP: 4/4
   408 | D:5      | Noticed an orc warrior
   423 | D:5      | Killed an orc warrior
   423 | D:5      | Reached skill level 6 in Axes
   423 | D:5      | Reached XP level 5. HP: 31/46 MP: 5/5
   481 | D:5      | Noticed an ogre
   488 | D:5      | Reached skill level 7 in Axes
   488 | D:5      | Reached XP level 6. HP: 55/55 MP: 6/6
   560 | D:6      | Noticed a troll
   567 | D:6      | Reached skill level 8 in Axes
   583 | D:6      | Killed a troll
   583 | D:6      | Reached skill level 3 in Fighting
   583 | D:6      | Reached skill level 1 in Dodging
   583 | D:6      | Reached XP level 7. HP: 59/62 MP: 7/7
   586 | D:6      | Noticed a hippogriff
   603 | D:6      | Killed a hippogriff
   689 | D:6      | Reached skill level 9 in Axes
   789 | D:6      | Reached XP level 8. HP: 72/72 MP: 8/8
  1415 | D:7      | Reached skill level 10 in Axes
  1447 | D:7      | Found a blossoming altar of Fedhas.
  1528 | D:7      | Found a staircase to the Ecumenical Temple.
  1538 | Temple   | Entered the Ecumenical Temple
  1649 | Temple   | Became a worshipper of Makhleb the Destroyer
  1738 | D:7      | Reached skill level 6 in Shields
  1740 | D:7      | Gained mutation: You passively map the area around you.
                  | [Deep Dwarf growth]
  1740 | D:7      | Reached XP level 9. HP: 81/81 MP: 9/9
  1746 | D:7      | Reached skill level 11 in Axes
  1962 | D:8      | Noticed Psyche
  1974 | D:8      | Noticed Harold
  1993 | D:8      | Killed Harold
  1993 | D:8      | Reached skill level 6 in Fighting
  2007 | D:8      | Killed Psyche
  2007 | D:8      | Reached skill level 12 in Axes
  2018 | D:8      | Reached * piety under Makhleb
  2025 | D:8      | Reached XP level 10. HP: 81/92 MP: 10/10
  2087 | D:8      | Found a staircase to the Lair.
  2105 | Lair:1   | Entered Level 1 of the Lair of Beasts
  2234 | Lair:1   | Noticed a spiny frog
  2242 | Lair:1   | Killed a spiny frog
  2264 | Lair:1   | Reached skill level 13 in Axes
  2325 | Lair:2   | Got a polished leather armour
  2387 | Lair:2   | Reached ** piety under Makhleb
  2405 | Lair:2   | Reached skill level 9 in Shields
  2453 | Lair:2   | Reached XP level 11. HP: 49/100 MP: 11/11
  2614 | Lair:3   | Found a hole to the Spider Nest.
  2620 | Lair:3   | Reached skill level 14 in Axes
  2801 | Lair:3   | Noticed a death yak
  2816 | Lair:3   | Killed a death yak
  3028 | Lair:3   | Found a staircase to the Shoals.
  3343 | Lair:4   | Reached *** piety under Makhleb
  3353 | Lair:4   | Reached skill level 15 in Axes
  3353 | Lair:4   | Reached skill level 1 in Evocations
  3375 | Lair:4   | Noticed a seven-headed hydra
  3387 | Lair:4   | Killed an 11-headed hydra
  3387 | Lair:4   | Reached skill level 3 in Invocations
  3418 | Lair:4   | Reached XP level 12. HP: 112/112 MP: 15/15
  3447 | Lair:4   | Reached skill level 6 in Invocations
  3453 | Lair:4   | Reached skill level 1 in Stealth
  3584 | Lair:5   | Noticed a six-headed hydra
  3615 | Lair:5   | Killed a 20-headed hydra
  3615 | Lair:5   | Reached skill level 9 in Fighting
  3660 | Lair:5   | Noticed a six-headed hydra
  3666 | Lair:5   | Killed a six-headed hydra
  3666 | Lair:5   | Reached skill level 3 in Dodging
  3700 | Lair:5   | Reached skill level 3 in Stealth
  3842 | Lair:5   | Reached **** piety under Makhleb
  3900 | Lair:5   | Noticed a death yak
  3900 | Lair:5   | Noticed a death yak
  3901 | Lair:5   | Noticed a death yak
  3922 | Lair:5   | Killed a death yak
  3923 | Lair:5   | Killed a death yak
  3927 | Lair:5   | Killed a death yak
  4343 | Lair:5   | Reached XP level 13. HP: 121/121 MP: 17/17
  4672 | Lair:6   | Entered Level 6 of the Lair of Beasts
  4705 | Lair:6   | Reached skill level 6 in Armour
  4706 | Lair:6   | Reached skill level 6 in Stealth
  4713 | Lair:6   | Reached ***** piety under Makhleb
  4746 | Lair:6   | Reached skill level 6 in Dodging
  4908 | Lair:6   | Reached skill level 16 in Axes
  4908 | Lair:6   | Reached skill level 3 in Evocations
  5040 | Lair:6   | Reached skill level 12 in Shields
  5189 | Lair:6   | Gained mutation: You resist negative energy. (rN+) [Deep
                  | Dwarf growth]
  5189 | Lair:6   | Reached XP level 14. HP: 133/133 MP: 18/18
  5375 | Lair:6   | Found a runed translucent door.
  5376 | Lair:6   | Found a viscous altar of Jiyva.
  5378 | Lair:6   | Found a staircase to the Slime Pits.
  5624 | Spider:1 | Entered Level 1 of the Spider Nest
  5839 | Spider:2 | Killed a ghost moth
  5971 | Spider:3 | Reached skill level 9 in Armour
  5976 | Spider:4 | Entered Level 4 of the Spider Nest
  6059 | Spider:4 | Noticed an emperor scorpion
  6114 | Spider:4 | Killed an emperor scorpion
  6121 | Spider:4 | Reached ****** piety under Makhleb
  6166 | Spider:4 | Reached skill level 9 in Dodging
  6191 | Spider:4 | Noticed an emperor scorpion
  6239 | Spider:4 | Killed an emperor scorpion
  6301 | Spider:4 | Noticed an emperor scorpion
  6301 | Spider:4 | Noticed an emperor scorpion
  6305 | Spider:4 | Noticed an emperor scorpion
  6359 | Spider:4 | Killed a ghost moth
  6388 | Spider:4 | Reached XP level 15. HP: 52/142 MP: 0/18
  6389 | Spider:4 | Killed a ghost moth
  6389 | Spider:4 | HP: 1/142 [emperor scorpion/exploding inner flame[the
                  | player character] (31)]
  6389 | Spider:4 | Killed from afar by a jumping spider

Levels and vault maps discovered:
D:1:      dpeg_arrival_lava_temple_mockup, layout_basic, serial_glass,
          glass_columns_b, glass_columns_c
D:2:      layout_basic, first_ration
D:4:      layout_gridville, hangedman_abyss_or_decor_passed,
          nicolae_dithmenos_through_a_glass_darkly
D:5:      layout_basic, okawaru_ov_weapons_minmay, gammafunk_ghost_gnarly_gnolls
D:6:      minmay_chambers_of_sixes, layout_loops_cross
D:7:      layout_basic, minmay_temple_entry_statues_fountains, basic_altar,
          grunt_livestock
D:8:      layout_layer_cave, grunt_lair_entry_orc_guard_hut, uniq_joseph,
          uniq_psyche, uniq_harold
Temple:   kilobyte_greek_temple
Lair:1:   layout_gridlike, serial_rivers, chequers_serial_rivers_large_b,
          chequers_serial_rivers_micro_d, chequers_serial_rivers_micro_d,
          chequers_serial_rivers_marsh, chequers_serial_rivers_micro_b,
          gammafunk_ghost_ooze, st_stairs_10, minivault_24, serial_bayou_shore_b
Lair:2:   layout_loops_ring, grunt_megastairs_1
Lair:3:   layout_chaotic_city, elwin_shoals_entry_rocks, spider_nest_entry_webs,
          lemuel_fruit_tree, grunt_megastairs_3
Lair:4:   layout_cave_pods, chequers_serial_rivers_room_b, lemuel_fruit_fields
Lair:5:   layout_hall_layers, roderic_batcave, serial_bayou_shore_b,
          minmay_lair_oklob_chamber
Lair:6:   minmay_lair_end_frog_pond, layout_regular_city, slime_altar_2,
          serial_bayou_pond_c
Spider:1: layout_spider_delve, uniq_jorgrun
Spider:2: layout_spider_delve
Spider:3: layout_spider_delve, drop_trap
Spider:4: grunt_spider_rune_circles

Skill      XL: |  1  2  3  4  5  6  7  8  9 10 11 12 13 14 |
---------------+-------------------------------------------+-----
Axes           | 3 4 5 6 7 8 9 10 12 13 15 16 | 16.0
Fighting       | 3 5 6 7 8 9 10 11 | 11.4
Dodging        | 1 4 7 9 |  9.5
Shields        | 4 6 7 9 10 11 12 13 | 13.3
Evocations     | 1 4 5 |  5.0
Invocations    | 5 6 |  6.3
Stealth        | 5 6 |  6.9
Armour         | 5 7 9 |  9.8

Action                   |  1- 3 |  4- 6 |  7- 9 | 10-12 | 13-15 || total
-------------------------+-------+-------+-------+-------+-------++-------
Melee: War axe           |    48 |       |       |       |       ||    48
       Hand axe          |     6 |    53 |   163 |   535 |   843 ||  1600
Invok: Lesser Servant of |       |       |       |     2 |    14 ||    16
 Abil: Heal Wounds       |       |     1 |       |       |     6 ||     7
Evoke: Wand              |       |       |       |     4 |    16 ||    20
  Use: Scroll            |       |       |       |    13 |    12 ||    25
       Potion            |       |       |       |     3 |     1 ||     4
 Stab: Invisible         |       |       |       |     5 |       ||     5
       Distracted        |       |       |       |       |     5 ||     5
       Paralysed         |       |       |       |       |     4 ||     4
  Eat: Chunk             |       |       |     3 |     8 |     2 ||    13
       Ration            |       |       |       |       |     3 ||     3
Armor: Scale mail        |    26 |     5 |       |       |       ||    31
       Plate armour      |       |    16 |    70 |   266 |   753 ||  1105
Dodge: Dodged            |    20 |     8 |    28 |   188 |   552 ||   796
Block: Shield            |    29 |    26 |    70 |   318 |   271 ||   714
       Buckler           |       |       |       |       |   253 ||   253
